 Dungeon Crawl Stone Soup version 0.28-a0-1152-g9c71ebef14 (webtiles) character file.

Game seed: 13618675809287785470

222 Gwenloh the Skirmisher (level 6, 0/50 HPs)
             Began as a Formicid Abyssal Knight on Dec 14, 2021.
             Was a Follower of Lugonu.
             Slain by Edmund (9 damage)
             ... on level 4 of the Dungeon.
             The game lasted 00:07:41 (2922 turns).

Gwenloh the Skirmisher (Formicid Abyssal Knight)    Turns: 2922, Time: 00:07:42

Health: 0/50       AC:  4    Str: 17    XL:     6   Next: 19%
Magic:  9/9        EV: 11    Int: 10    God:    Lugonu [*.....]
Gold:   89         SH:  0    Dex: 13    Spells: 5/5 levels left

rFire   . . .      SeeInvis +   q - +6 mace "Gamar" {vorpal, rPois Will+}
rCold   . . .      Faith    .   (no shield)
rNeg    . . .      Spirit   .   b - +0 leather armour
rPois   +          Reflect  .   (helmet unavailable)
rElec   .          Harm     .   r - +0 cloak
rCorr   .          Rampage  .   (no gloves)
Will    +....                   (no boots)
Stlth   +.........              (no amulet)
HPRegen 0.16/turn               (no ring)
MPRegen 0.11/turn               (no ring)

@: no status effects
A: permanent stasis, dig shafts and tunnels, antennae 3, four strong arms
a: Dig, Shaft Self, Renounce Religion, Depart the Abyss


You were on level 4 of the Dungeon.
You worshipped Lugonu.
Lugonu was aware of your devotion.
You visited 1 branch of the dungeon, and saw 4 of its levels.
You visited the Abyss 1 time.

You collected 89 gold pieces.

Inventory:

Hand Weapons
 a - a +1 hand axe
 k - a +4 whip of electrocution
 q - the +6 mace "Gamar" (weapon) {vorpal, rPois Will+}
   (You found it on level 3 of the Dungeon)

   It inflicts extra damage upon your enemies.
   rPois:     It protects you from poison.
   Will:      It increases your willpower.
Missiles
 d - 15 arrows
 e - 30 bolts
 f - 39 sling bullets
 m - 71 stones (quivered)
Armour
 b - a +0 leather armour (worn)
 r - a +0 cloak (worn)
Wands
 p - a wand of acid (4)
Scrolls
 c - 4 scrolls of magic mapping
 g - a scroll of enchant armour
 h - 2 scrolls of enchant weapon
 o - a scroll of noise
 s - a scroll of silence
Potions
 i - 3 potions of curing {unknown}
 j - 2 potions of magic {unknown}
 n - 2 potions of resistance {unknown}
 t - a potion of might {unknown}


   Skills:
 + Level 4.8 Fighting
 + Level 3.8 Axes
 - Level 2.1 Armour
 - Level 0.8 Dodging
 + Level 4.4 Invocations


You had 5 spell levels left.
You didn't know any spells.
Your spell library contained the following spells:

 Spells                   Type           Power      Damage    Failure   Level
 Dazzling Flash           Conj/Hex       0%         N/A       80%         3
 Tukima's Dance           Hex            0%         N/A       80%         3
 Iskenderun's Mystic Bla  Conj/Tloc      0%         2d3       99%         4
 Passage of Golubria      Tloc           0%         N/A       99%         4
 Yara's Violent Unravell  Hex/Tmut       0%         3d3       100%        5
 Starburst                Conj/Fire      0%         6d3       100%        6


Dungeon Overview and Level Annotations

Branches:
Dungeon (4/15)
 Temple: D:4-7

Altars:

Annotations:
D:4 Edmund


Innate Abilities, Weirdness & Mutations

You cannot be hasted, slowed, berserked, paralysed or teleported.
You can dig through walls and to a lower floor.
You have a pair of large antennae on your head. (SInv)
Your four strong arms can wield two-handed weapons with a shield.


Message History

Edmund the Younger comes into view.
He is wielding a +0 dire flail of protection and wearing a +2 scale mail of cold resistance.
Okay, then.
Okay, then.
As you read the scroll of identify, it crumbles to dust.
o - a scroll of noise
As you read the scroll of identify, it crumbles to dust.
s - a scroll of silence Edmund shouts!
Edmund hits you with a +0 dire flail of protection.
You hit Edmund.
Edmund is lightly wounded.
Edmund hits you with a +0 dire flail of protection.
You barely miss Edmund.
Edmund is lightly wounded.
Edmund hits you with a +0 dire flail of protection!
Edmund closely misses you.
You hit Edmund but do no damage.
Edmund is lightly wounded.
Edmund barely misses you.
You completely miss Edmund.
Edmund is lightly wounded.
Edmund hits you with a +0 dire flail of protection!
You sock Edmund!
Edmund is moderately wounded.
Edmund barely misses you.
Edmund hits you with a +0 dire flail of protection.
You completely miss Edmund.
Edmund is moderately wounded.
Edmund hits you with a +0 dire flail of protection.
You hit Edmund.
Edmund is heavily wounded.
Edmund hits you with a +0 dire flail of protection!
* * * LOW HITPOINT WARNING * * *
You hit Edmund.
Edmund is heavily wounded.
Edmund hits you with a +0 dire flail of protection.
* * * LOW HITPOINT WARNING * * *
Are you sure you want to shaft yourself?
Edmund hits you with a +0 dire flail of protection!
You die...

########..#
#...... #..#
##...#.
##..# #...##
#####...#
##....#
####.......#
##.....)
...........#
#.......
..........##
#...#.#.
.........##
#..###..
.......@##
#.#.# ...
.#######@#
#..####.##
.# #.# #. .
.# .# .. >
.# .# #. ##
. #


You could see Edmund.

Vanquished Creatures
  Crazy Yiuf (D:3)
  Jessica (D:3)
  2 iguanas (D:4)
  Ijyb (D:3)
  A killer bee zombie (D:4)
  An adder (D:3)
  A worm (D:3)
  5 dart slugs
  An orc (D:3)
  6 endoplasms
  3 giant cockroaches
  6 hobgoblins (D:1)
  2 jackals (D:1)
  A quokka (D:3)
  5 ball pythons
  5 bats
  3 frilled lizards
  4 goblins
  2 kobolds
  4 rats
55 creatures vanquished.

Notes
Turn   | Place    | Note
-------+----------+-------------------------------------------
     0 | Abyss:1  | Gwenloh the Formicid Abyssal Knight began the quest for the
                  | Orb.
     0 | Abyss:1  | Reached XP level 1. HP: 18/18 MP: 2/2
    45 | Abyss:1  | Noticed a neqoxec
    47 | Abyss:1  | Noticed a hellwing
    49 | D:1      | Escaped the Abyss
   242 | D:1      | Reached XP level 2. HP: 24/24 MP: 3/3
   311 | D:1      | Reached * piety under Lugonu
   545 | D:1      | Reached XP level 3. HP: 30/30 MP: 5/5
   654 | D:1      | Found a faded altar of an unknown god.
  1426 | D:3      | Found a runed translucent door.
  1427 | D:3      | Noticed Crazy Yiuf
  1460 | D:3      | Reached XP level 4. HP: 37/37 MP: 6/6
  1903 | D:3      | Noticed Ijyb
  1915 | D:3      | Killed Ijyb
  2274 | D:3      | Noticed Jessica
  2286 | D:3      | Killed Jessica
  2287 | D:3      | Reached XP level 5. HP: 35/42 MP: 7/7
  2384 | D:3      | Identified the +6 mace "Gamar" {vorpal, rPois Will+}
  2442 | D:3      | Killed Crazy Yiuf
  2700 | D:4      | Reached XP level 6. HP: 28/49 MP: 9/9
  2908 | D:4      | Noticed Edmund
  2922 | D:4      | Slain by Edmund

Illustrated notes

Levels and vault maps discovered:
D:1:      dpeg_arrival_tiny_g, layout_rooms, ebering_ecumenical_altar_webs
D:2:      layout_basic
D:3:      minmay_octagon_keep, layout_basic, uniq_ijyb, uniq_crazy_yiuf_cottage,
          uniq_jessica
D:4:      layout_layer_cave, uniq_edmund

Skill      XL: |  1  2  3  4  5 |
---------------+----------------+-----
Invocations    | 3 4 |  4.4
Fighting       | 4 |  4.8
Axes           | 3 |  3.8
Armour         | |  2.1
Dodging        | |  0.8

Action                   |  1- 3 |  4- 6 || total
-------------------------+-------+-------++-------
Melee: Hand axe          |    38 |       ||    38
       Whip              |    29 |    23 ||    52
       Mace              |       |    28 ||    28
Throw: Stone             |    35 |    44 ||    79
Invok: Depart the Abyss  |     1 |       ||     1
 Abil: Shaft Self        |       |     1 ||     1
  Use: Scroll            |     3 |     2 ||     5
Armor: Leather armour    |    23 |    10 ||    33
Dodge: Dodged            |    27 |    22 ||    49

Table legend: (Time is in decaauts)
 A = Elapsed time spent in this place.
 B = Non-inter-level travel time spent in this place.
 C = Inter-level travel time spent in this place.
 D = Time resting spent in this place.
 E = Time spent auto-exploring this place.
 F = Levels seen in this place.
 G = Mean time per level.
                   A        B        C        D        E       F      G
               +--------+--------+--------+--------+--------+-----+--------+
         Total |   2944 |   2863 |     81 |     16 |   2372 |   5 |  588.8 |
       Dungeon |   2895 |   2814 |     81 |     16 |   2333 |   4 |  723.8 |
         Abyss |     49 |     49 |      0 |      0 |     39 |   1 |   49.0 |
               +--------+--------+--------+--------+--------+-----+--------+

Top non-repeatable levels by time:
     D:3: 1179 daAuts
     D:1: 689 daAuts
     D:2: 665 daAuts
     D:4: 361 daAuts
 Abyss:1: 49 daAuts
